 Dungeon Crawl Stone Soup version 0.30-a0-918-g0ff054e9dc (webtiles) character file.

Game seed: 14328587946515992914

8276 cforsyth the Protected (level 11, -3/92 HPs)
             Began as a Human Fighter on Mar 20, 2023.
             Was an Elder of Okawaru.
             Slain by Snorg (13 damage)
             ... on level 10 of the Dungeon.
             The game lasted 00:25:23 (13197 turns).

cforsyth the Protected (Human Fighter)             Turns: 13197, Time: 00:25:24

Health: -3/92      AC: 30    Str: 24    XL:     11   Next: 52%
Magic:  14/14      EV:  9    Int:  8    God:    Okawaru [****..]
Gold:   1269       SH:  7    Dex: 14    Spells: 10/10 levels left

rFire   . . .      SeeInvis .    x - +0 flail (protect)
rCold   + . .      Faith    .    c - +0 buckler
rNeg    . . .      Spirit   .    l - +0 plate armour
rPois   +          Reflect  .    t - +0 helmet
rElec   .          Rampage  .    C - +1 cloak
rCorr   +                        B - +1 pair of gloves of Calculation {+Blink Str+4 Slay+6}
Will    .....                    r - +5 pair of boots of Qiohub {Drain Fly rPois rCorr} Stlth
                                 (no amulet)
HPRegen 0.35/turn                E - ring of protection from cold
MPRegen 0.14/turn                (no ring)

@: about to teleport, heroic, flying
A: no striking features
a: Renounce Religion, Evoke Blink, Heroism, Finesse


You were on level 10 of the Dungeon.
You worshipped Okawaru.
Okawaru was greatly pleased with you.
You visited 2 branches of the dungeon, and saw 11 of its levels.
You also visited: Bailey.

You collected 1303 gold pieces.
You spent 34 gold pieces at shops.

Inventory:

Hand Weapons
 x - a +0 flail of protection (weapon)
 D - the +6 dagger "Ginuned" {spect, rPois Str-2 Int+7 Stlth-}
   (You took it off an orc warrior in a bailey)

   Str:       It affects your strength (-2).
   Int:       It affects your intelligence (+7).
   rPois:     It protects you from poison.
   Stlth:     It makes you less stealthy.
 G - a +4 flail
Missiles
 F - a throwing net (quivered)
Armour
 b - a +0 scale mail
 c - a +0 buckler (worn)
 l - a +0 plate armour (worn)
 r - the +5 pair of boots of Qiohub (worn) {Drain Fly rPois rCorr}
   (You found it on level 2 of the Dungeon)

   rPois:     It protects you from poison.
   Fly:       It grants you flight.
   rCorr:     It protects you from acid and corrosion.
   Drain:     It drains your maximum health when unequipped.
 t - a +0 helmet (worn)
 B - the +1 pair of gloves of Calculation (worn) {+Blink Str+4 Slay+6}
   (You found it in a bailey)

   Str:       It affects your strength (+4).
   Slay:      It affects your accuracy & damage with ranged weapons and melee
   (+6).
   +Blink:    It lets you blink.
 C - a +1 cloak (worn)
Jewellery
 E - a ring of protection from cold (left hand)
 J - a +6 ring of dexterity
Wands
 A - a wand of digging (4)
 H - a wand of iceblast (4)
 L - a wand of flame (9)
Scrolls
 f - 6 scrolls of teleportation
 i - a scroll of immolation
 j - 2 scrolls of blinking
 k - 2 scrolls of silence
 p - a scroll of poison
 q - 6 scrolls of magic mapping
 s - a scroll of torment
 v - a scroll of vulnerability
 y - a scroll of fear
 I - 2 scrolls of identify
Potions
 a - a potion of mutation
 d - 2 potions of might
 e - 2 potions of flight
 g - 3 potions of curing
 h - 4 potions of heal wounds
 m - 2 potions of lignification
 n - 3 potions of haste
 o - 7 potions of brilliance
 u - a potion of cancellation
 w - a potion of invisibility
 z - a potion of experience
 K - a potion of ambrosia {unknown}


   Skills:
 + Level 10.4(15.4) Fighting
 - Level 6.7(11.7) Maces & Flails
 + Level 10.4(15.4) Armour
 - Level 6.8(11.8) Shields
 - Level 5.0 Invocations


You had 10 spell levels left.
You didn't know any spells.
Your spell library contained the following spells:

 Spells                   Type           Power      Damage    Failure   Level
 Beastly Appendage        Tmut           0%         N/A       99%         1
 Cigotuvi's Dreadful Rot  Necr/Pois/Air  0%         N/A       99%         2
 Poisonous Vapours        Pois/Air       0%         N/A       99%         2
 Wereblood                Tmut           0%         N/A       99%         2
 Kindle Blastsparks       Fire/Tloc/Air  0%         2d10      100%        3
 Mephitic Cloud           Conj/Pois/Air  0%         N/A       100%        3
 Spider Form              Tmut/Pois      0%         N/A       100%        3
 Fulminant Prism          Conj/Hex       0%         3d5       100%        4
 Iskenderun's Mystic Bla  Conj/Tloc      0%         2d3       100%        4
 Lee's Rapid Deconstruct  Erth           0%         3d4*      100%        5
 Summon Small Mammal      Summ           Unusable   N/A       N/A         1
 Call Canine Familiar     Summ           Unusable   N/A       N/A         3
 Summon Guardian Golem    Hex/Summ       Unusable   N/A       N/A         3
 Summon Ice Beast         Ice/Summ       Unusable   N/A       N/A         4
 Summon Mana Viper        Hex/Summ       Unusable   N/A       N/A         5
 Monstrous Menagerie      Summ           Unusable   N/A       N/A         7

Dungeon Overview and Level Annotations

Branches:
Dungeon (10/15)            Temple (1/1) D:7             Orc (0/2) D:9
 Bailey (visited)
   Lair: D:8-11

Altars:
Ashenzari
Cheibriados
Dithmenos
Elyvilon
Fedhas
Hepliaklqana
Kikubaaqudgha
Okawaru
Qazlal
Ru
Sif Muna
Trog
Vehumet
Wu Jian
Xom
Yredelemnul
Zin
The Shining One

Shops:
D:7 (:[:   D:9 *   D:10 [

Annotations:
D:6 3 runed translucent doors, ragingrage's ghost, weakling FeAr
D:8 2 transporters, Allyalt's ghost, novice DjFE; Grum
D:10 Snorg


Message History

Snorg bites you but does no damage. Snorg barely misses you. Snorg claws you.
Snorg barely misses you. You block Snorg's attack. Snorg barely misses you.
You hit Snorg.
Snorg is moderately wounded.
Snorg bites you. You block Snorg's attack. Snorg barely misses you.
You barely miss Snorg.
Snorg is moderately wounded.
Snorg barely misses you. Snorg claws you but does no damage. Snorg claws you.
You sock Snorg!
Snorg is moderately wounded.
Snorg bites you but does no damage. Snorg claws you but does no damage.
Snorg closely misses you.
You barely miss Snorg.
Snorg is moderately wounded.
Snorg completely misses you. Snorg closely misses you. Snorg claws you!
Snorg bites you! Snorg claws you!
* * * LOW HITPOINT WARNING * * *
Snorg claws you.
* * * LOW HITPOINT WARNING * * *
You barely miss Snorg.
Snorg is moderately wounded.
Snorg misses you. Snorg claws you but does no damage. Snorg closely misses you.
You feel much better. Snorg barely misses you.
Snorg claws you but does no damage. You block Snorg's attack.
You hit Snorg.
Snorg is moderately wounded.
Snorg bites you! You block Snorg's attack. Snorg claws you but does no damage.
Snorg bites you! Snorg claws you but does no damage. Snorg claws you!
* * * LOW HITPOINT WARNING * * *
You feel much better. You block Snorg's attack.
Snorg claws you but does no damage. x2
Okay, then.
As you read the scroll of teleportation, it crumbles to dust.
You feel strangely unstable. You block Snorg's attack. Snorg claws you!
Snorg claws you. Snorg barely misses you. Snorg claws you. x2
* * * LOW HITPOINT WARNING * * *
Snorg bites you!
* * * LOW HITPOINT WARNING * * *
Snorg claws you!
You die...

#........#
#........# #...#
#..!.....# #...#
#........# #...#
#[.......# #...#
#........# #...#
#........# #...#
##........#
#...###....@....#
#.........T.....#
#....>.∩.<......#
#...............#
#...##.#........#
#...##....####..#
#...####..# ..#
#.... ...# ..#
#.........# #


You could see Snorg (berserk).

Vanquished Creatures
  A centaur warrior (D:8)
  A two-headed ogre (D:8)
  Pikel (D:4)
  A cyclops (D:9)
  A troll (D:9)
  Sigmund (D:4)
  A wyvern (D:8)
  4 yaks (D:8)
  Eustachio (D:5)
  Menkaure (D:5)
  2 water moccasins
  4 sky beasts
  8 orc warriors
  An ice beast (D:8)
  2 ogres
  3 centaurs
  3 phantoms
  8 kobold brigands
  Blork the orc (D:4)
  6 bullfrogs
  A scorpion (D:4)
  9 wights
  3 killer bees (D:7)
  6 electric eels
  A howler monkey (D:8)
  A gnoll bouda (D:9)
  Crazy Yiuf (D:5)
  2 hounds
  4 jellies
  6 orc priests
  2 sleepcaps
  3 iguanas
  5 orc wizards
  6 adders
  6 gnolls
  A shadow imp (D:6)
  2 white imps
  An ufetubus (D:5)
  3 worms
  4 dart slugs
  36 orcs
  8 ball pythons
  6 endoplasms
  5 giant cockroaches
  12 goblins
  8 hobgoblins
  10 jackals
  6 quokkas
  3 bats
  A frilled lizard (D:1)
  17 kobolds
  4 rats
234 creatures vanquished.

Vanquished Creatures (others)
  An orc (D:8)
  8 fungi (D:3)
  10 plants (D:8)
  3 toadstools (D:3)
22 creatures vanquished.

Grand Total: 256 creatures vanquished

Notes
Turn   | Place    | Note
-------+----------+-------------------------------------------
     0 | D:1      | cforsyth the Human Fighter began the quest for the Orb.
     0 | D:1      | Reached XP level 1. HP: 18/18 MP: 1/1
   117 | D:1      | Reached XP level 2. HP: 19/24 MP: 2/2
   378 | D:1      | Reached XP level 3. HP: 23/29 MP: 3/3
   760 | D:1      | Reached XP level 4. HP: 35/35 MP: 4/4
   999 | D:2      | Identified the +5 pair of boots of Qiohub {Drain Fly rPois
                  | rCorr}
  1845 | D:3      | Reached XP level 5. HP: 42/42 MP: 5/5
  1947 | D:3      | Noticed an ogre
  2653 | D:4      | Found an ornate altar of the Wu Jian Council.
  2688 | D:4      | Noticed Blork the orc
  2802 | D:4      | Reached XP level 6. HP: 43/48 MP: 6/6
  3338 | D:4      | Reached XP level 7. HP: 55/55 MP: 7/7
  3415 | D:4      | Noticed Sigmund
  3427 | D:4      | Killed Sigmund
  3444 | D:4      | Found a bloodstained altar of Trog.
  3964 | D:4      | Killed Blork the orc
  3965 | D:4      | Reached skill level 5 in Fighting
  4484 | D:3      | Reached skill level 5 in Armour
  4484 | D:3      | Reached skill level 5 in Shields
  4484 | D:3      | Reached XP level 8. HP: 51/62 MP: 8/8
  5002 | D:5      | Entered Level 5 of the Dungeon
  5236 | D:5      | Noticed Pikel
  5276 | D:4      | Killed Pikel
  5277 | D:4      | Reached skill level 5 in Maces & Flails
  5394 | D:5      | Noticed Eustachio
  5784 | D:5      | Killed Eustachio
  5785 | D:5      | Reached XP level 9. HP: 62/69 MP: 9/9
  5846 | D:5      | Noticed Menkaure
  5849 | D:5      | Found a shadowy altar of Dithmenos.
  5856 | D:5      | Killed Menkaure
  6090 | D:5      | Found a runed translucent door.
  6091 | D:5      | Noticed Crazy Yiuf
  6239 | D:5      | Killed Crazy Yiuf
  6852 | D:6      | Found a runed translucent gate.
  6852 | D:6      | Found a runed translucent gate.
  6852 | D:6      | Found a runed translucent gate.
  6858 | D:6      | Noticed a spectral unseen horror
  6860 | D:6      | Noticed ragingrage's ghost (weakling FeAr)
  7208 | D:6      | Found a sacrificial altar of Ru.
  7652 | D:7      | Found a staircase to the Ecumenical Temple.
  7673 | Temple   | Entered the Ecumenical Temple
  7719 | Temple   | Became a worshipper of Warmaster Okawaru
  7790 | D:7      | Found Rodwed's Self-Improvement Boutique.
  8416 | D:7      | Found Tioto's Armour Shop.
  8416 | D:7      | Found Xidarip's Book Boutique.
  9112 | D:7      | Found Vutag's Antique Weapon Emporium.
  9324 | D:8      | Reached XP level 10. HP: 61/79 MP: 10/10
  9350 | D:8      | Reached * piety under Okawaru
  9361 | D:8      | Found a flagged portal.
  9381 | Bailey   | Entered a bailey
  9616 | Bailey   | Identified the +1 pair of gloves of Calculation {+Blink
                  | Str+4 Slay+6}
  9698 | Bailey   | Identified the +6 dagger "Ginuned" {spect, rPois Str-2
                  | Int+7 Stlth-}
  9744 | Bailey   | Found an iron altar of Okawaru.
  9834 | D:8      | Reached ** piety under Okawaru
 10045 | D:8      | Noticed a centaur warrior
 10064 | D:8      | Killed a centaur warrior
 10799 | D:8      | Found a transporter.
 10800 | D:8      | Found a transporter.
 10802 | D:8      | Identified the +4 spear of Duunt {chaos, +Blink rF+ Str+3
                  | Int+3}
 10803 | D:8      | Noticed Grum
 10811 | D:8      | Identified the ring "Rehao" {Fly MP+9 Int-2 Dex+5}
 10868 | D:8      | Noticed Allyalt's ghost (novice DjFE)
 11020 | D:8      | Reached skill level 1 in Invocations
 11086 | D:8      | Reached *** piety under Okawaru
 11172 | D:8      | Reached XP level 11. HP: 72/89 MP: 12/12
 11225 | D:8      | Found a glowing silver altar of Zin.
 11373 | D:8      | Found a shimmering blue altar of Sif Muna.
 11493 | D:8      | Noticed a two-headed ogre
 11500 | D:8      | Killed a two-headed ogre
 11501 | D:8      | Reached skill level 10 in Fighting
 11501 | D:8      | Reached skill level 10 in Armour
 11582 | D:9      | Found a radiant altar of Vehumet.
 11642 | D:9      | Found a blossoming altar of Fedhas.
 11667 | D:9      | Reached **** piety under Okawaru
 11769 | D:9      | Found Xalu's Assorted Antiques.
 11775 | D:9      | Bought a scroll labelled KEVOEM UGOSKE for 34 gold pieces
 12534 | D:9      | Noticed a cyclops
 12547 | D:9      | Killed a cyclops
 12547 | D:9      | Reached ***** piety under Okawaru
 12746 | D:9      | Found a staircase to the Orcish Mines.
 12952 | D:10     | Entered Level 10 of the Dungeon
 12952 | D:10     | Found Fujymes's Armour Boutique.
 12970 | D:10     | Noticed Snorg
 13069 | D:9      | Reached skill level 5 in Invocations
 13197 | D:10     | Slain by Snorg

Illustrated notes

Levels and vault maps discovered:
D:1:      shiori_arrival_oz, layout_basic
D:2:      layout_loops_ring
D:3:      layout_basic, minmay_gold_behind_fungi, minmay_strange_pillars
D:4:      minmay_thinvault, layout_basic, nzn_wu_jian_contemplation,
          amcnicky_altar_gilded, uniq_sigmund, uniq_blork_the_orc
D:5:      layout_basic, kennysheep_mini_moat, uniq_eustachio,
          uniq_crazy_yiuf_cottage, uniq_menkaure, uniq_pikel
D:6:      layout_gridville, nicolae_ru_the_path_less_chosen,
          gammafunk_ghost_necromancy
D:7:      layout_basic, minmay_temple_entry_offerings, nicolae_wooded_promenade,
          grunt_decor_fettered, nicolae_shop_self_help
D:8:      nzn_winding_woodlands_cross [nzn_winding_woodlands_5x15_split_checker,
          nzn_winding_woodlands_5x15_eye, nzn_winding_woodlands_5x15_longhouse,
          nzn_winding_woodlands_5x15_jagged,
          nzn_winding_woodlands_15x15_eel_pit], layout_basic,
          nicolae_overflow_squiral, gammafunk_ghost_gnarly_gnolls,
          enter_bailey_5, amcnicky_mini_pool_medium
D:9:      layout_stronghold, fedhas_altar_fruit_tree, overflow_temple_1_default,
          david_orc_4, serial_shops, nicolae_shop_crystal
D:10:     layout_long_grid, mainiacjoe_overflow_alcove_1, serial_shops,
          nicolae_stop_n_shop_2, nicolae_trove_entry_diagonal, uniq_snorg
Temple:   hellmonk_temple_forest_ring

Skill      XL: |  1  2  3  4  5  6  7  8  9 10 11 |
---------------+----------------------------------+-----
Maces & Flails | 3 4 5 6 |  6.7
Fighting       | 4 5 6 7 9 10 | 10.4
Armour         | 4 5 6 7 9 10 | 10.4
Shields        | 4 5 6 |  6.8
Invocations    | 2 5 |  5.0

Action                     |  1- 3 |  4- 6 |  7- 9 | 10-12 || total
---------------------------+-------+-------+-------+-------++-------
  Melee: Flail             |    64 |   195 |   492 |   385 ||  1136
 Invoke: Heroism           |       |       |       |     2 ||     2
    Use: Potion            |       |     2 |       |     2 ||     4
         Scroll            |       |       |    19 |     7 ||    26
 Armour: Scale mail        |    33 |   112 |   168 |       ||   313
         Plate armour      |       |       |   256 |   354 ||   610
  Dodge: Dodged            |    28 |   106 |   215 |   154 ||   503
  Block: Buckler           |    18 |    44 |   170 |   145 ||   377

Table legend: (Time is in decaauts)
 A = Elapsed time spent in this place.
 B = Non-inter-level travel time spent in this place.
 C = Inter-level travel time spent in this place.
 D = Time resting spent in this place.
 E = Time spent auto-exploring this place.
 F = Levels seen in this place.
 G = Mean time per level.
                   A        B        C        D        E       F      G
               +--------+--------+--------+--------+--------+-----+--------+
         Total |  13393 |  12868 |    525 |   1386 |   8785 |  12 | 1116.1 |
       Dungeon |  12907 |  12400 |    507 |   1386 |   8541 |  10 | 1290.7 |
        Temple |     64 |     46 |     18 |      0 |     37 |   1 |   64.0 |
        Bailey |    422 |    422 |      0 |      0 |    207 |   1 |  422.0 |
               +--------+--------+--------+--------+--------+-----+--------+

Top non-repeatable levels by time:
     D:4: 2090 daAuts
     D:8: 2066 daAuts
     D:3: 1732 daAuts
     D:7: 1680 daAuts
     D:9: 1399 daAuts
     D:6: 1244 daAuts
     D:5: 1096 daAuts
     D:1: 868 daAuts
     D:2: 682 daAuts
  Bailey: 422 daAuts
  Temple: 64 daAuts
    D:10: 46 daAuts
